 Dungeon Crawl Stone Soup version 0.30.0-11-gf55b779eaf (webtiles) character file.

Game seed: 3865821281761025259

9598 jasper the Covert (level 11, -15/56 HPs)
             Began as a Spriggan Venom Mage on May 16, 2023.
             Was an Elder of Kikubaaqudgha.
             Shot with a bolt by a tengu warrior (33 damage)
             ... on level 11 of the Dungeon.
             The game lasted 00:25:13 (14865 turns).

jasper the Covert (Spriggan Venom Mage)            Turns: 14865, Time: 00:25:14

Health: -15/56     AC: 11    Str:  4    XL:     11   Next: 25%
Magic:  7/24       EV: 27    Int: 21    God:    Kikubaaqudgha [****..]
Gold:   673        SH:  5    Dex: 25    Spells: 4/27 levels left

rFire   . . .        y - +2 rapier (speed)
rCold   . . .        (no shield)
rNeg    . . .        m - +3 robe "Pecad" {Contam Harm rCorr Dex+3}
rPois   .            (helmet restricted)
rElec   .            w - +1 cloak
rCorr   +            (gloves unavailable)
SInv    +            (boots unavailable)
Will    +....        n - amulet of reflection
Stlth   +++++        l - +4 ring of protection
HPRegen 0.29/turn    o - +6 ring of dexterity
MPRegen 0.19/turn

%: harm (+30% outgoing, +20% incoming), reflection
@: animating dead, very quick
A: very small, no large weapons, unfitting armour, see invisible, speed 3
a: Renounce Religion, Unearth Wretches


You were on level 11 of the Dungeon.
You worshipped Kikubaaqudgha.
Kikubaaqudgha was greatly pleased with you.
You visited 1 branch of the dungeon, and saw 11 of its levels.
You also visited: Bailey.

You collected 673 gold pieces.

Inventory:

Hand Weapons
 d - a +0 whip
 j - a +1 heavy dagger
 y - a +2 rapier of speed (weapon)
Missiles
 e - 88 stones
 G - 4 throwing nets
Armour
 a - a +0 robe
 m - the +3 robe "Pecad" (worn) {Contam Harm rCorr Dex+3}
   (You found it on level 2 of the Dungeon)

   Dex:       It affects your dexterity (+3).
   Contam:    It causes magical contamination when unequipped.
   rCorr:     It protects you from acid and corrosion.
   Harm:      It increases damage dealt and taken.
 q - a +0 hat
 v - a +1 robe of fire resistance
 w - a +1 cloak (worn)
Magical Staves
 B - the staff of poison "Gics" {rElec rPois rF- Str+2}
   (You found it on level 6 of the Dungeon)

   [staff of poison]

   Base accuracy: +5 Base damage: 5 Base attack delay: 1.2 This weapon's minimum
   attack delay (0.6) is reached at skill level 12.
   Str:       It affects your strength (+2).
   rF:        It makes you vulnerable to fire.
   rElec:     It insulates you from electricity.
   rPois:     It protects you from poison.
   It falls into the 'Staves' category.
   It is a two-handed weapon.
Jewellery
 l - a +4 ring of protection (left hand)
 n - an amulet of reflection (around neck)
 o - a +6 ring of dexterity (right hand)
 p - a +6 ring of dexterity
 D - a ring of poison resistance
 K - a +6 ring of strength
 L - a ring of ice
Wands
 z - a wand of mindburst (10)
 H - a wand of flame (12)
 I - a wand of roots (4)
 P - a wand of light (5)
Scrolls
 h - 2 scrolls of noise
 s - 4 scrolls of teleportation
 t - a scroll of immolation
 u - 3 scrolls of amnesia
 x - 3 scrolls of fog
 A - a scroll of poison
 C - a scroll of blinking
 J - 2 scrolls of magic mapping
 M - a scroll of enchant weapon
 O - 2 scrolls of identify
Potions
 b - a potion of magic
 c - a potion of cancellation
 f - a potion of mutation
 g - 3 potions of curing
 i - 5 potions of haste
 k - 3 potions of lignification
 r - 2 potions of heal wounds
 E - 2 potions of flight
 F - a potion of attraction {unknown}
 N - a potion of brilliance


   Skills:
 - Level 5.4 Fighting
 - Level 9.3 Dodging
 - Level 10.0 Stealth
 + Level 8.9 Spellcasting
 - Level 1.0 Conjurations
 - Level 8.8 Necromancy
 - Level 1.3 Transmutations
 - Level 1.0 Air Magic
 - Level 7.0 Poison Magic


You had 4 spell levels left.
You knew the following spells:

 Your Spells              Type           Power      Damage    Failure   Level
a - Sting                 Tmut/Pois      100%       1d8       1%          1
b - Poisonous Vapours     Pois/Air       52%        N/A       2%          2
c - Mephitic Cloud        Conj/Pois/Air  21%        N/A       6%          3
d - Olgreb's Toxic Radia  Pois           38%        N/A       4%          4
e - Vampiric Draining     Necr           46%        2d9       1%          3
f - Animate Dead          Necr           46%        N/A       1%          4
g - Dispel Undead         Necr           46%        3d18      1%          4
h - Blink                 Tloc           18%        N/A       11%         2

Your spell library contained the following spells:

 Spells                   Type           Power      Damage    Failure   Level
 Kiss of Death            Conj/Necr      100%       2d13      1%          1
 Necrotise                Necr           100%       1d9       1%          1
 Static Discharge         Conj/Air       26%        2-4/arc   8%          2
 Vhi's Electric Charge    Tloc/Air       22%        N/A       19%         3
 Airstrike                Air            6%         2d(1-17)  43%         4
 Petrify                  Tmut/Erth      12%        N/A       50%         4
 Summon Lightning Spire   Summ/Air       11%        N/A       52%         4
 Manifold Assault         Tloc           9%         N/A       58%         4
 Agony                    Necr           46%        N/A       5%          5
 Death Channel            Necr           23%        N/A       28%         6
 Borgnjor's Vile Clutch   Necr/Erth      14%        N/A       32%         5
 Arcjolt                  Conj/Air       6%         1d16      80%         5
 Metabolic Englaciation   Hex/Ice        4%         N/A       90%         5
 Statue Form              Tmut/Erth      8%         N/A       100%        6
 Storm Form               Tmut/Air       7%         N/A       100%        7
 Maxwell's Capacitive Co  Air            6%         ∞         100%        8


Dungeon Overview and Level Annotations

Branches:
Dungeon (11/15)            Temple (0/1) D:5            Lair (0/5) D:10
 Bailey (visited)
    Orc: D:9-12

Altars:
Ashenzari
Cheibriados
Elyvilon
Fedhas
Hepliaklqana
Kikubaaqudgha
Makhleb
Nemelex Xobeh
Okawaru
Qazlal
Trog
Vehumet
Wu Jian
Yredelemnul
The Shining One

Shops:
D:10 (

Annotations:
D:9 3 runed translucent doors, exclusion: orange crystal statue


Innate Abilities, Weirdness & Mutations

You are very small and have problems with some larger weapons.
You are too small for most types of armour.
You have supernaturally acute eyesight. (SInv)
You cover ground extremely quickly. (Speed+++)


Message History

Casting: Olgreb's Toxic Radiance (dangerous; 4% risk of failure)
Confirm with . or Enter, or press ? or * to list all spells.
Okay, then.
The tengu warrior is engulfed in noxious fumes.
The tengu warrior appears confused.
The tengu warrior unwields a +0 arbalest.
The tengu warrior wields a +0 war axe.
The tengu warrior hits something with a +0 war axe!
The tengu warrior pecks something.
The tengu warrior claws something but does no damage.
The tengu warrior looks even sicker.
Casting: Olgreb's Toxic Radiance (dangerous; 4% risk of failure)
Confirm with . or Enter, or press ? or * to list all spells.
You call upon the dead to rise.
The tengu warrior looks as sick as possible!
Your toxic aura wanes.
You now have 8/24 mp.
There is a stone staircase leading up here.
Casting: Animate Dead (dangerous; 1% risk of failure)
Confirm with . or Enter, or press ? or * to list all spells.
Aiming: Poisonous Vapours (safe; 2% risk of failure)
Press: ? - help, Dir - move target, f - tengu warrior
Aim: a tengu warrior, wielding a +0 battleaxe and wearing a +0 leather armour (heavily wounded, very poisoned) Poisonous vapours surround the tengu warrior!
The tengu warrior looks as sick as possible!
You now have 7/24 mp.
Aiming: Mindburst
Press: ? - help, Shift-Dir - straight line, f/p - tengu warrior
Aim: a tengu warrior, wielding a +0 battleaxe and wearing a +0 leather armour (heavily wounded, extremely poisoned, chance to affect: 47%)
The tengu warrior resists with some effort.
Aiming: Mindburst
Press: ? - help, Shift-Dir - straight line, f/p - tengu warrior
Aim: a tengu warrior, wielding a +0 battleaxe and wearing a +0 leather armour (heavily wounded, extremely poisoned, chance to affect: 47%)
The tengu warrior resists with some effort.
The tengu warrior unwields a +0 war axe.
The tengu warrior wields a +0 arbalest.
The tengu warrior shoots a bolt.
The bolt hits you!!
Ouch! That really hurt!
You die...
Kikubaaqudgha rasps: "You have failed me!
Welcome... death!"

########.#.#......
#......Q.#.#......
#........#........
#........#.#..#
#......9......#
#........##...#
#....Q...# ####
#........#
#..@.....#
#........#
########.... #####


You could see 2 tengu warriors and a gargoyle.

Vanquished Creatures
  Gastronok (D:8)
  Harold (D:9)
  2 unseen horrors (D:10)
  A wraith (D:10)
  5 yaks
  2 basilisks (D:10)
  A steam dragon (D:8)
  6 water moccasins
  3 orc warriors
  An ice beast (D:7)
  2 black bears
  An ogre (D:7)
  5 sky beasts
  4 centaurs
  3 wolves (D:10)
  3 phantoms
  3 kobold brigands
  Blork the orc (D:5)
  2 gnoll sergeants
  4 bullfrogs
  3 scorpions
  11 killer bees
  A howler monkey (D:8)
  A bullfrog zombie (D:9)
  2 crimson imps
  4 jellies
  2 orc priests (D:8)
  2 sleepcaps
  A gnoll bouda (D:6)
  A hound (D:4)
  Crazy Yiuf (D:5)
  Jessica (D:2)
  2 orc wizards
  An iguana (D:10)
  A hound zombie (D:4)
  Robin (D:3)
  7 gnolls
  11 adders
  2 white imps
  An ufetubus (D:6)
  An adder zombie (D:4)
  3 worms
  5 dart slugs
  15 orcs
  6 bats
  3 endoplasms
  2 giant cockroaches
  20 goblins
  6 hobgoblins
  12 jackals
  2 quokkas
  10 ball pythons
  4 frilled lizards
  2 goblin zombies (D:5)
  4 hobgoblin zombies (D:5)
  18 kobolds
  3 kobold zombies (D:5)
  An orc skeleton (D:5)
  11 orc zombies (Bailey)
  7 rats
242 creatures vanquished.

Vanquished Creatures (collateral kills)
  Erolcha (D:9)
  4 yaks
  2 black bears (D:10)
  A wolf (D:10)
8 creatures vanquished.

Vanquished Creatures (others)
  A yak zombie (D:8)
  A wolf zombie (D:10)
  A centaur zombie (D:9)
  A basilisk zombie (D:10)
  An orc wizard (D:8)
  An iguana zombie (D:10)
6 creatures vanquished.

Grand Total: 256 creatures vanquished

Notes
Turn   | Place    | Note
-------+----------+-------------------------------------------
     0 | D:1      | jasper the Spriggan Venom Mage began the quest for the Orb.
     0 | D:1      | Reached XP level 1. HP: 9/9 MP: 5/5
   217 | D:1      | Reached XP level 2. HP: 12/13 MP: 2/7
   861 | D:1      | Learned a level 2 spell: Poisonous Vapours
  1189 | D:2      | Reached XP level 3. HP: 16/16 MP: 1/8
  1194 | D:2      | Learned a level 3 spell: Mephitic Cloud
  1514 | D:2      | Identified the +3 robe "Pecad" {Contam Harm rCorr Dex+3}
  2321 | D:2      | Noticed Jessica
  2345 | D:2      | Killed Jessica
  2346 | D:2      | Reached skill level 5 in Poison Magic
  2346 | D:2      | Reached XP level 4. HP: 21/21 MP: 1/9
  3001 | D:3      | Found an ancient bone altar of Kikubaaqudgha.
  3611 | D:3      | Noticed Robin
  3666 | D:3      | Killed Robin
  4118 | D:3      | Reached XP level 5. HP: 21/24 MP: 5/10
  4378 | D:3      | Learned a level 4 spell: Olgreb's Toxic Radiance
  5366 | D:3      | Became a worshipper of Kikubaaqudgha
  5521 | D:4      | Noticed a phantom
  5532 | D:4      | Killed a phantom
  5555 | D:4      | Noticed a black bear
  5576 | D:4      | Killed a black bear
  5577 | D:4      | Reached XP level 6. HP: 28/28 MP: 3/11
  5877 | D:4      | Found an iron altar of Okawaru.
  5877 | D:4      | Found an ornate altar of the Wu Jian Council.
  5984 | D:4      | Found a hazy altar of Hepliaklqana.
  6397 | D:4      | Reached skill level 1 in Air Magic
  6466 | D:4      | Reached skill level 1 in Conjurations
  6473 | D:4      | Found a basalt altar of Yredelemnul.
  6556 | D:4      | Found a stormy altar of Qazlal.
  6748 | D:5      | Entered Level 5 of the Dungeon
  6749 | D:5      | Found a staircase to the Ecumenical Temple.
  6836 | D:5      | Reached * piety under Kikubaaqudgha
  6836 | D:5      | Received a gift from Kikubaaqudgha
  6856 | D:5      | Found a glowing golden altar of the Shining One.
  6919 | D:5      | Reached skill level 1 in Necromancy
  7018 | D:5      | Reached XP level 7. HP: 32/32 MP: 8/13
  7096 | D:5      | Noticed Blork the orc
  7116 | D:5      | Killed Blork the orc
  7219 | D:5      | Reached skill level 1 in Fighting
  7219 | D:5      | Reached skill level 4 in Stealth
  7778 | D:5      | Found a runed translucent door.
  7779 | D:5      | Noticed Crazy Yiuf
  8477 | D:5      | Killed Crazy Yiuf
  8627 | D:6      | Reached skill level 5 in Stealth
  8627 | D:6      | Reached XP level 8. HP: 38/38 MP: 11/15
  8684 | D:6      | Learned a level 3 spell: Vampiric Draining
  9206 | D:6      | Identified the staff of poison "Gics" {rElec rPois rF-
                  | Str+2}
  9640 | D:6      | Reached skill level 5 in Dodging
  9676 | D:6      | Found a bloodstained altar of Trog.
  9676 | D:6      | Found a white marble altar of Elyvilon.
  9867 | D:7      | Found a blossoming altar of Fedhas.
  9891 | D:7      | Reached skill level 6 in Stealth
  9891 | D:7      | Reached skill level 5 in Spellcasting
 10319 | D:7      | Reached XP level 9. HP: 42/43 MP: 6/18
 10453 | D:7      | Reached ** piety under Kikubaaqudgha
 10630 | D:7      | Found a snail-covered altar of Cheibriados.
 10743 | D:7      | Learned a level 4 spell: Animate Dead
 10885 | D:8      | Noticed Gastronok
 10986 | D:8      | Killed Gastronok
 10987 | D:8      | Reached skill level 7 in Stealth
 10987 | D:8      | Reached skill level 5 in Necromancy
 11114 | D:8      | Reached skill level 8 in Stealth
 11238 | D:8      | Reached XP level 10. HP: 43/49 MP: 1/21
 11378 | D:8      | Found a flagged portal.
 11395 | Bailey   | Entered a bailey
 11644 | Bailey   | Noticed a gargoyle
 11879 | D:8      | Reached *** piety under Kikubaaqudgha
 11879 | D:8      | Received a gift from Kikubaaqudgha
 11887 | D:8      | Learned a level 4 spell: Dispel Undead
 12095 | D:8      | Reached skill level 9 in Stealth
 12830 | D:9      | Noticed Erolcha
 12846 | D:9      | Killed Erolcha
 13164 | D:9      | Found a runed translucent door.
 13172 | D:9      | Found a runed translucent door.
 13187 | D:9      | Found a runed translucent door.
 13202 | D:9      | Found a runed translucent door.
 13268 | D:9      | Noticed Harold
 13279 | D:9      | Killed Harold
 13372 | D:9      | Found a broken altar of Ashenzari.
 13525 | D:9      | Noticed an orange crystal statue
 13544 | D:10     | Entered Level 10 of the Dungeon
 13715 | D:10     | Reached skill level 10 in Stealth
 13719 | D:10     | Learned a level 2 spell: Blink
 13795 | D:10     | Reached skill level 5 in Fighting
 13855 | D:10     | Reached XP level 11. HP: 55/55 MP: 2/24
 14027 | D:10     | Found Saodghiun's Weapon Boutique.
 14174 | D:10     | Reached **** piety under Kikubaaqudgha
 14499 | D:10     | Found a staircase to the Lair.
 14507 | D:10     | Found a sparkling altar of Nemelex Xobeh.
 14627 | D:10     | Found a radiant altar of Vehumet.
 14628 | D:10     | Found a burning altar of Makhleb.
 14839 | D:11     | Noticed a tengu warrior
 14851 | D:11     | Noticed a tengu warrior
 14865 | D:11     | Shot with a bolt by a tengu warrior

Illustrated notes

Levels and vault maps discovered:
D:1:      giann_bridges, layout_loops_ring
D:2:      layout_loops_corners, corner_web_ring, uniq_jessica
D:3:      kennysheep_goblin_castle, layout_loops_corners,
          kiku_gazebo_pond_becter, amcnicky_mini_rare_corridor_liquid
D:4:      layout_loops_ring, lemuel_zombie_altar_yredelemnul, lemuel_tele_altar,
          mainiacjoe_overflow_large_starburst,
          mainiacjoe_overflow_cross_hatched, hangedman_decor_slide_cut
D:5:      layout_layer_cave, nicolae_tso_besieged_by_evil,
          minmay_temple_entry_statues, grunt_decor_cap,
          hangedman_minor_gate_pass, uniq_blork_the_orc, uniq_crazy_yiuf_cottage
D:6:      layout_loops_ring, gammafunk_temple_overflow_statue,
          kennysheep_generic_room_2
D:7:      minmay_inner_zag, layout_basic, lemuel_round_altar,
          cheibrodos_worm_habitat, hellmonk_bongcloud_opening
D:8:      layout_basic, enter_bailey_2, uniq_gastronok
D:9:      layout_gridville, cheibrodos_ashenzari_chains,
          minmay_statue_crystal_thing, uniq_harold, uniq_erolcha
D:10:     layout_irregular_city, grunt_temple_overflow_lords_of_destruction,
          mainiacjoe_overflow_catwalk, minmay_lair_entry_grove, serial_shops,
          nicolae_shop_real_fake_doors, eino_jars
D:11:     nicolae_BIG_FREAKIN_CUBE, layout_rooms, minmay_misc_feat_iff,
          minmay_evil_grid, uniq_nergalle

Skill      XL: |  1  2  3  4  5  6  7  8  9 10 11 |
---------------+----------------------------------+-----
Spellcasting   | 3 4 5 7 8 |  8.9
Poison Magic   | 4 5 7 |  7.0
Air Magic      | 1 |  1.0
Conjurations   | 1 |  1.0
Dodging        | 3 4 5 7 8 9 |  9.3
Necromancy     | 1 3 4 6 8 |  8.8
Fighting       | 1 2 4 5 |  5.4
Stealth        | 5 6 8 10 | 10.0
Transmutations | |  1.3

Action                     |  1- 3 |  4- 6 |  7- 9 | 10-12 || total
---------------------------+-------+-------+-------+-------++-------
  Melee: Dagger            |     3 |    93 |    53 |    60 ||   209
         Punch             |       |     4 |     2 |     3 ||     9
         Unarmed           |       |       |    18 |       ||    18
         Rapier            |       |       |       |    99 ||    99
   Cast: Sting             |    49 |    52 |    36 |     2 ||   139
         Poisonous Vapours |    28 |    59 |    54 |    34 ||   175
         Olgreb's Toxic Ra |       |     2 |    15 |    25 ||    42
         Mephitic Cloud    |       |       |     2 |     4 ||     6
         Animate Dead      |       |       |     2 |     3 ||     5
         Vampiric Draining |       |       |     2 |     1 ||     3
  Evoke: Wand              |       |       |       |     2 ||     2
    Use: Scroll            |     4 |    12 |     6 |     4 ||    26
         Potion            |       |     2 |     1 |     5 ||     8
   Stab: Sleeping          |       |     1 |     2 |    11 ||    14
         Confused          |       |       |       |     3 ||     3
         Distracted        |       |       |       |     2 ||     2
 Armour: Robe              |     4 |    25 |    13 |    30 ||    72
         Skin              |       |       |    41 |       ||    41
  Dodge: Dodged            |     7 |   101 |    87 |   228 ||   423
  Block: Other             |       |       |    12 |    61 ||    73
         Reflection        |       |       |     1 |     5 ||     6
